 Dungeon Crawl Stone Soup version 0.27-a0-1278-g6cbc8dfb29 (webtiles) character file.

Game seed: 16799999491320347592

140 pokeman the Magician (level 5, 0/29 HPs)
             Began as a Deep Elf Hedge Wizard on June 12, 2021.
             Engulfed by a cloud of noxious fumes (2 damage)
             ... on level 3 of the Dungeon.
             The game lasted 00:06:37 (4235 turns).

pokeman the Magician (Deep Elf Hedge Wizard)        Turns: 4235, Time: 00:06:37

Health: 0/29       AC:  4    Str:  7    XL:     5   Next: 2%
Magic:  3/15       EV: 11    Int: 20    God:
Gold:   111        SH:  0    Dex: 14    Spells: 5/16 levels left

rFire    . . .     SeeInvis .   h - +2 short sword (speed)
rCold    . . .     Faith    .   (no shield)
rNeg     . . .     Spirit   .   n - +0 leather armour
rPois    .         Reflect  .   c - +0 hat
rElec    .         Harm     .   (no cloak)
rCorr    .         Rampage  .   (no gloves)
Will     .....                  a - +0 pair of boots
Stlth    ++........             (no amulet)
HPRegen  0.09/turn              (no ring)
MPRegen  0.14/turn              (no ring)

@: very slightly contaminated
A: no striking features
a: no special abilities


You were on level 3 of the Dungeon.
You visited 1 branch of the dungeon, and saw 3 of its levels.

You collected 111 gold pieces.

Inventory:

Hand Weapons
 h - a +2 short sword of speed (weapon)
Missiles
 b - 8 curare-tipped darts
 i - 32 bolts
 l - 40 arrows
Armour
 a - a +0 pair of boots (worn)
 c - a +0 hat (worn)
 n - a +0 leather armour (worn)
Jewellery
 m - an amulet of guardian spirit
Scrolls
 d - 8 scrolls of identify {unknown}
 e - a scroll of enchant weapon {unknown}
 f - 2 scrolls of blinking {unknown}
 g - 2 scrolls of noise {unknown}
 j - 2 scrolls of enchant armour {unknown}
 k - a scroll of teleportation {unknown}
 o - a scroll of fog {unknown}


   Skills:
 - Level 1.5 Fighting
 - Level 1.4 Armour
 + Level 2.4 Dodging
 - Level 2.4 Stealth
 * Level 6.0 Spellcasting
 + Level 2.4 Conjurations
 - Level 1.1 Summonings
 - Level 1.1 Translocations
 + Level 0.0 Fire Magic


You had 5 spell levels left.
You knew the following spells:

 Your Spells              Type           Power      Damage    Failure   Level
a - Magic Dart            Conj           60%        1d6       5%          1
b - Mephitic Cloud        Conj/Pois/Air  9%         N/A       32%         3
c - Call Imp              Summ           10%        N/A       14%         2
d - Blink                 Tloc           N/A        N/A       14%         2
e - Conjure Flame         Conj/Fire      10%        6-21      28%         3

Your spell library contained the following spells:

 Spells                   Type           Power      Damage    Failure   Level
 Summon Small Mammal      Summ           40%        N/A       10%         1
 Slow                     Hex            6%         N/A       22%         2
 Call Canine Familiar     Summ           10%        N/A       28%         3
 Summon Guardian Golem    Hex/Summ       8%         N/A       36%         3
 Summon Ice Beast         Ice/Summ       8%         N/A       77%         4
 Summon Lightning Spire   Summ/Air       8%         N/A       77%         4


Dungeon Overview and Level Annotations

Branches:
Dungeon (3/15)

Altars:
Hepliaklqana


Message History

Aim: an orc priest, wielding a +0 short sword and wearing a +0 chain mail (100% to hit)
The magic dart hits the orc priest but does no damage.
The orc priest calls down the wrath of Beogh upon you.
Beogh smites you!
Ouch! That really hurt!
Casting: Magic Dart (safe; 5% risk of failure)
Confirm with . or Enter, or press ? or * to list all spells.
Okay, then.
Casting: Magic Dart (safe; 5% risk of failure)
Confirm with . or Enter, or press ? or * to list all spells.
The spell is extremely dangerous to cast (32% risk of failure)!
Continue anyway?
Aiming: Mephitic Cloud (extremely dangerous; 32% risk of failure)
Press: ? - help, Shift-Dir - straight line, f/p - orc priest
Aim: an orc priest, wielding a +0 short sword and wearing a +0 chain mail (chance to affect: 86%)
You miscast Mephitic Cloud.
Nothing appears to happen.
Unknown command.
Casting: Mephitic Cloud (extremely dangerous; 32% risk of failure)
Confirm with . or Enter, or press ? or * to list all spells.
The spell is extremely dangerous to cast (32% risk of failure)!
Continue anyway?
Aiming: Mephitic Cloud (extremely dangerous; 32% risk of failure)
Press: ? - help, Shift-Dir - straight line, f/p - orc priest
Aim: an orc priest, wielding a +0 short sword and wearing a +0 chain mail (chance to affect: 86%) That beam is likely to hit you.
Continue anyway?
You miscast Mephitic Cloud.
A wave of violent energy washes through your body!
* * * LOW HITPOINT WARNING * * *
The orc priest hits you with a +0 short sword.
* * * LOW HITPOINT WARNING * * *
Casting: Mephitic Cloud (extremely dangerous; 32% risk of failure)
Confirm with . or Enter, or press ? or * to list all spells.
The spell is extremely dangerous to cast (32% risk of failure)!
Continue anyway?
Aiming: Mephitic Cloud (extremely dangerous; 32% risk of failure)
Press: ? - help, Shift-Dir - straight line, f/p - orc priest
Aim: an orc priest, wielding a +0 short sword and wearing a +0 chain mail (chance to affect: 86%) That beam is likely to hit you.
Continue anyway?
The ball explodes into a vile cloud!
The stinking cloud engulfs the orc priest but does no damage.
The stinking cloud engulfs you but does no damage.
You are engulfed in noxious fumes.
You die...

##+#### ... #...# ...
#...# ....
.#.###...### .....
............
.....#####
#.####.####
.....☼.§.# #.#
.....☼o..# #.#
.....○☼@.##### #.#
#............# ##.#
#..##....###.#####..#
# #....# #.)...#.###
#....# ###.#.._..###
#....# #.###.#....
#....# ##'###..#.##
###### #.....[.#...
#.......#..#


You could see an orc priest.

Vanquished Creatures
  An orc priest (D:3)
  An iguana (D:3)
  An orc wizard (D:3)
  An orc (D:3)
  7 bats
  3 endoplasms
  2 giant cockroaches (D:1)
  5 goblins
  3 hobgoblins
  10 jackals
  3 quokkas
  8 ball pythons
  2 frilled lizards
  3 kobolds
  4 rats
54 creatures vanquished.

Vanquished Creatures (collateral kills)
  An endoplasm (D:2)
  A giant cockroach (D:2)
  A ball python (D:2)
  A kobold (D:2)
4 creatures vanquished.

Grand Total: 58 creatures vanquished

Notes
Turn   | Place    | Note
-------+----------+-------------------------------------------
     0 | D:1      | pokeman the Deep Elf Hedge Wizard began the quest for the
                  | Orb.
     0 | D:1      | Reached XP level 1. HP: 10/10 MP: 7/7
   472 | D:1      | Reached XP level 2. HP: 15/15 MP: 6/9
  1122 | D:1      | Reached skill level 5 in Spellcasting
  1444 | D:2      | Reached XP level 3. HP: 14/20 MP: 4/11
  1448 | D:2      | Learned a level 3 spell: Mephitic Cloud
  1451 | D:2      | Learned a level 2 spell: Call Imp
  1454 | D:2      | Learned a level 2 spell: Blink
  1458 | D:2      | Learned a level 3 spell: Conjure Flame
  2450 | D:2      | Reached skill level 1 in Fighting
  2457 | D:2      | Reached skill level 1 in Armour
  3219 | D:3      | Noticed an ice beast
  3423 | D:3      | Found a hazy altar of Hepliaklqana.
  3472 | D:3      | Reached XP level 4. HP: 11/25 MP: 0/13
  3926 | D:3      | Reached skill level 6 in Spellcasting
  3926 | D:3      | Reached XP level 5. HP: 18/29 MP: 8/15
  4235 | D:3      | Engulfed by a cloud of noxious fumes

Illustrated notes

Levels and vault maps discovered:
D:1:      minmay_arrival_shattered_statue, layout_basic, feat_on_display
D:2:      layout_basic, minmay_octomino_c4
D:3:      layout_basic, lemuel_crystal_altar

Skill      XL: |  1  2  3  4 |
---------------+-------------+-----
Spellcasting   | 5 6 |  6.0
Fighting       | 1 |  1.5
Armour         | 1 |  1.4
Conjurations   | 2 |  2.4
Dodging        | |  2.4
Stealth        | |  2.4
Summonings     | |  1.1
Translocations | |  1.1

Action                   |  1- 3 |  4- 6 || total
-------------------------+-------+-------++-------
Melee: Dagger            |     6 |       ||     6
       Short sword       |     8 |     3 ||    11
 Cast: Magic Dart        |   127 |    13 ||   140
       Call Imp          |     3 |     2 ||     5
       Conjure Flame     |     2 |       ||     2
       Mephitic Cloud    |     1 |     2 ||     3
 Stab: Sleeping          |     1 |       ||     1
       Confused          |       |     1 ||     1
Armor: Robe              |    15 |       ||    15
       Leather armour    |     5 |       ||     5
Dodge: Dodged            |    32 |     1 ||    33

Table legend: (Time is in decaauts)
 A = Elapsed time spent in this place.
 B = Non-inter-level travel time spent in this place.
 C = Inter-level travel time spent in this place.
 D = Time resting spent in this place.
 E = Time spent auto-exploring this place.
 F = Levels seen in this place.
 G = Mean time per level.
                   A        B        C        D        E       F      G
               +--------+--------+--------+--------+--------+-----+--------+
         Total |   4232 |   4110 |    122 |    351 |   3256 |   3 | 1410.7 |
       Dungeon |   4232 |   4110 |    122 |    351 |   3256 |   3 | 1410.7 |
               +--------+--------+--------+--------+--------+-----+--------+

Top non-repeatable levels by time:
     D:2: 1726 daAuts
     D:1: 1269 daAuts
     D:3: 1236 daAuts
